Map: 2000 Atmospheres LE

Players

Semper

  • Race: Terran Terran

Scarlett - Winner!

  • Race: Zerg Zerg

Event: DreamHack SC2 Masters 2021 Fall

VOD

Have the link to the VOD?

Description

Time

  • Played on: Aug. 7, 2021, 4:23 p.m.
  • Length: 13:45

All games in this series

Show
View Real Time Build Order
Export as new Build Order

Semper Terran 

Build Orders: Command Center First (CC) 

Get SALT Encoding   

  12  0:00  SCV  
  13  0:12  SCV  
  14  0:17  Supply Depot  
  14  0:24  SCV  
  15  0:39  SCV  
  16  0:51  SCV  
  17  0:59  Command Center  
  17  1:03  SCV  
  18  1:14  Barracks  
  18  1:17  SCV  
  19  1:21  Refinery  
  19  1:26  Refinery  
  19  1:31  SCV  
  20  1:43  SCV  
  21  1:56  SCV  
  22  2:01  Marine  
  23  2:08  Orbital Command  
  23  2:12  Orbital Command  
  23  2:16  Factory  
  23  2:21  Marine  
  24  2:35  SCV  
  25  2:38  SCV  
  26  2:47  SCV  
  26  2:51  SCV  
  28  2:59  Refinery, SCV, Starport  
  28  3:00  Starport  
  28  3:02  Refinery  
  28  3:04  Hellion  
  28  3:05  SCV  
  32  3:06  Marine  
  32  3:11  SCV  
  34  3:15  Supply Depot  
  34  3:17  SCV  
  35  3:24  SCV  
  36  3:30  SCV  
  36  3:31  Factory Tech Lab  
  37  3:36  Fusion Core, SCV  
  37  3:37  Starport Tech Lab  
  37  3:38  Starport Tech Lab  
  38  3:43  SCV  
  38  3:48  Supply Depot  
  39  3:50  SCV  
  44  4:04  SCV  
  44  4:07  Supply Depot  
  44  4:25  Battlecruiser  
  44  4:26  Battlecruiser  
  53  4:32  Siege Tank  
  53  4:33  SCV  
  53  4:34  SCV  
  58  4:41  Supply Depot  
  58  4:45  SCV, Weapon Refit  
  59  4:48  SCV  
  60  4:57  SCV  
  60  4:58  Supply Depot  
  61  5:04  SCV  
  62  5:09  SCV  
  62  5:11  Siege Tank  
  62  5:12  Command Center  
  62  5:13  Barracks Tech Lab  
  66  5:16  SCV  
  66  5:20  Supply Depot  
  67  5:22  SCV  
  67  5:28  Supply Depot  
  68  5:31  Barracks  
  68  5:33  SCV, Barracks  
  68  5:34  SCV  
  70  5:45  SCV  
  70  5:47  SCV  
  70  5:48  Marine, Stimpack  
  73  5:52  Engineering Bay  
  73  5:54  Engineering Bay  
  73  5:59  SCV  
  74  6:07  SCV  
  74  6:11  SCV  
  76  6:13  Barracks  
  76  6:14  Barracks  
  76  6:19  SCV  
  76  6:21  Terran Infantry Armor Level 1, Terran Infantry Weapons Level 1  
  77  6:34  Barracks Reactor x2, Orbital Command  
  77  6:35  SCV x2  
  82  6:41  Supply Depot  
  82  6:44  Supply Depot  
  82  6:46  Marine  
  80  6:47  SCV  
  80  6:53  SCV  
  82  6:58  Orbital Command  
  82  7:03  SCV  
  82  7:04  Marine, Barracks Reactor x2  
  82  7:07  Factory Reactor  
  84  7:09  SCV  
  84  7:14  Marine x4, Command Center  
  84  7:15  SCV, Armory  
  90  7:21  SCV  
  90  7:22  Marine  
  92  7:23  SCV  
  92  7:27  SCV  
  92  7:28  Combat Shield  
  92  7:29  Supply Depot  
  94  7:30  Supply Depot  
  94  7:31  Marine  
  94  7:32  Marine  
  94  7:33  SCV  
  97  7:37  SCV  
  97  7:39  SCV  
  97  7:40  Marine  
  97  7:42  Supply Depot, Medivac x2  
  97  7:43  Marine x3  
  97  7:44  Factory  
  107  7:47  Widow Mine x2  
  107  7:51  SCV x2  
  113  7:57  Supply Depot  
  113  7:58  Supply Depot  
  113  7:59  Marine x2  
  113  8:02  SCV  
  116  8:08  Terran Vehicle And Ship Armor Level 1  
  116  8:12  Medivac x2  
  120  8:15  SCV  
  120  8:16  Terran Infantry Armor Level 2, Terran Infantry Weapons Level 2  
  121  8:23  Marine x9  
  130  8:27  Factory Tech Lab  
  130  8:28  Supply Depot  
  130  8:29  Supply Depot  
  130  8:30  Sensor Tower  
  130  8:32  Refinery  
  130  8:40  Marine  
  130  8:41  Marine x2  
  132  8:42  Missile Turret  
  132  8:44  Supply Depot, Missile Turret  
  132  8:45  Supply Depot  
  132  8:46  Marine  
  132  8:47  Marine x5  
  141  8:48  Widow Mine  
  141  8:49  Widow Mine  
  143  8:58  Marine, Widow Mine  
  146  9:05  Barracks x2, Marauder  
  146  9:06  Medivac  
  146  9:08  Barracks  
  149  9:19  Siege Tank  
  149  9:21  Factory Tech Lab  
  152  9:31  Marine  
  152  9:32  Marine, Marauder  
  152  9:36  Medivac  
  152  9:38  Marine x6  
  151  9:41  Siege Tank  
  151  9:44  Medivac  
  152  9:49  Marine x2  
  152  9:51  Siege Tank  
  157  9:53  Marine  
  157  9:56  Marine, Refinery  
  157  9:57  Barracks Tech Lab x2  
  157  9:58  Barracks Tech Lab  
  159  10:01  Planetary Fortress  
  159  10:04  SCV  
  159  10:05  SCV  
  159  10:06  Medivac  
  162  10:11  Marauder  
  164  10:14  Medivac  
  164  10:16  SCV  
  167  10:23  Siege Tank  
  167  10:24  Command Center  
  167  10:26  Marine, Marauder  
  171  10:34  Marine x3, Marauder x3  
  178  10:35  Medivac  
  178  10:40  SCV x3  
  183  10:48  Marauder  
  161  10:53  Medivac  
  161  10:55  Marauder  
  161  10:56  Marine x3  
  149  11:03  SCV  
  142  11:08  Medivac  
  142  11:10  Marine, Siege Tank x2  
  151  11:17  Marine  
  151  11:18  Marine x4, Marauder  
  157  11:19  Marauder x2  
  162  11:26  SCV x3  
  165  11:36  Marine  
  165  11:37  Marauder  
  165  11:38  SCV  
  169  11:42  Siege Tank  
  172  11:47  Marine x3  
  172  11:48  Marine x3, Marauder  
  164  12:05  SCV  
  164  12:07  SCV x2  
  159  12:12  Siege Tank  
  156  12:17  SCV  
  156  12:19  Marine x10, SCV x2  
  156  12:20  Marine, Marauder  
  171  12:26  Orbital Command  
  169  12:37  Reaper  
  169  12:42  Marine x2, Siege Tank  
  169  12:43  Marine x5  
  164  12:56  Marine  
  165  13:01  Planetary Fortress  
  164  13:24  Marine  
  164  13:25  Marine x3  
Show
View Real Time Build Order
Export as new Build Order

Scarlett Zerg - Winner!

Build Orders: Hatch First 

Get SALT Encoding   

  12  0:00  Drone  
  13  0:12  Overlord  
  13  0:16  Drone  
  14  0:30  Drone x2  
  16  0:46  Hatchery  
  15  0:50  Drone  
  15  0:54  Drone  
  17  0:57  Drone  
  18  1:08  Extractor  
  17  1:12  Spawning Pool  
  17  1:15  Drone  
  18  1:18  Drone  
  18  1:28  Drone  
  19  1:38  Drone  
  20  1:50  Drone  
  21  1:58  Queen x2  
  25  2:02  Overlord  
  25  2:03  Drone  
  26  2:09  Drone  
  26  2:11  Drone  
  28  2:23  Drone  
  28  2:24  Drone, Hatchery  
  29  2:30  Drone  
  29  2:32  Metabolic Boost  
  29  2:33  Drone  
  31  2:41  Queen  
  31  2:43  Drone  
  34  2:47  Overlord  
  34  2:51  Drone  
  34  2:53  Drone  
  36  3:05  Queen  
  38  3:06  Drone  
  38  3:07  Drone x3  
  38  3:09  Overlord  
  42  3:16  Queen  
  44  3:24  Overlord  
  44  3:29  Drone  
  44  3:30  Zergling x2  
  44  3:33  Drone  
  47  3:36  Queen  
  47  3:38  Drone x5  
  54  3:45  Queen  
  56  3:49  Drone  
  56  3:50  Drone x3  
  56  3:53  Overlord  
  60  4:03  Queen  
  60  4:04  Baneling Nest, Drone x2  
  60  4:07  Overlord  
  63  4:10  Zergling x4  
  63  4:16  Overlord  
  63  4:17  Drone x3  
  68  4:20  Overlord  
  68  4:25  Lair  
  68  4:26  Roach Warren  
  68  4:28  Drone x3  
  71  4:32  Overlord  
  71  4:35  Drone  
  71  4:36  Drone x3  
  75  4:39  Queen  
  75  4:44  Queen, Extractor  
  78  4:45  Extractor  
  78  4:46  Extractor  
  78  4:49  Drone x3  
  79  4:53  Spore Crawler  
  79  4:54  Spore Crawler, Drone  
  79  4:55  Drone x2  
  79  4:58  Spore Crawler  
  79  4:59  Spore Crawler  
  78  5:00  Drone  
  78  5:03  Drone  
  78  5:04  Drone x2  
  78  5:05  Spore Crawler  
  81  5:07  Spore Crawler  
  81  5:10  Drone  
  81  5:11  Drone x3  
  84  5:18  Drone x4  
  84  5:20  Spore Crawler  
  87  5:21  Queen  
  87  5:26  Spire  
  87  5:28  Overseer  
  86  5:47  Glial Reconstitution  
  86  5:48  Queen x2  
  90  5:50  Evolution Chamber x2  
  90  5:52  Drone  
  90  5:53  Extractor, Drone x5  
  93  6:01  Drone x5  
  98  6:06  Drone  
  98  6:07  Drone x4  
  102  6:13  Overlord x2  
  102  6:17  Extractor  
  102  6:18  Extractor  
  100  6:23  Overlord x2  
  96  6:34  Hatchery  
  96  6:39  Corruptor  
  95  6:40  Corruptor x4  
  95  6:45  Zerg Flyer Weapons Level 1  
  105  6:53  Drone x13  
  118  7:03  Zerg Ground Armor Level 1, Zerg Missile Weapons Level 1  
  118  7:07  Extractor, Baneling Nest  
  116  7:08  Extractor  
  116  7:11  Drone x6  
  121  7:20  Hatchery  
  120  7:25  Drone x7  
  120  7:28  Zergling x6  
  129  7:39  Overlord x3  
  129  7:48  Infestation Pit  
  128  7:52  Corruptor x3  
  128  7:58  Centrifical Hooks  
  133  8:04  Overlord x2  
  133  8:05  Corruptor x5  
  142  8:18  Overlord x4  
  142  8:19  Overlord  
  142  8:23  Drone x10  
  152  8:29  Roach x4  
  152  8:32  Roach x2  
  164  8:35  Roach x2  
  164  8:46  Zerg Flyer Armor Level 1  
  164  8:49  Roach x11  
  164  8:55  Hive  
  186  8:56  Ravager x5  
  186  9:02  Zergling x18  
  200  9:05  Spore Crawler  
  200  9:06  Spore Crawler  
  200  9:07  Extractor, Spine Crawler  
  200  9:09  Extractor, Spine Crawler  
  194  9:14  Overseer x3, Pneumatized Carapace  
  194  9:15  Zerg Melee Weapons Level 1  
  195  9:18  Zergling x8  
  195  9:21  Zerg Ground Armor Level 2  
  196  9:33  Zergling x2  
  196  9:34  Zergling x6  
  198  9:44  Spore Crawler x2  
  193  9:49  Spine Crawler  
  193  9:50  Spine Crawler  
  190  9:53  Zergling x18  
  190  9:54  Baneling, Hatchery  
  190  9:55  Baneling x21  
  198  10:02  Ravager  
  196  10:17  Zergling x8  
  199  10:32  Adrenal Glands  
  199  10:34  Baneling x15, Ultralisk Cavern  
  199  10:35  Baneling x3  
  198  10:39  Zergling x4  
  189  10:51  Zergling x22  
  178  10:58  Zergling x42  
  178  11:02  Zergling x2  
  178  11:03  Zergling x2  
  182  11:07  Greater Spire  
  182  11:10  Zergling x10  
  187  11:11  Baneling  
  187  11:12  Baneling x25  
  187  11:13  Zergling x10  
  187  11:19  Zerg Melee Weapons Level 2  
  187  11:22  Zergling x2  
  187  11:23  Zergling x12  
  194  11:25  Extractor  
  194  11:28  Extractor  
  194  11:31  Spine Crawler  
  194  11:32  Spore Crawler  
  190  11:33  Zergling x16  
  190  11:35  Spore Crawler  
  197  11:43  Zergling x6  
  197  11:45  Hatchery  
  199  11:47  Baneling x16  
  199  11:48  Baneling x15  
  173  12:02  Zergling x40  
  180  12:10  Chitinous Plating  
  177  12:17  Zergling x30  
  192  12:25  Overseer x2  
  192  12:26  Overseer x2  
  185  12:33  Zergling x18  
  184  12:39  Zergling x14  
  184  12:40  Zergling x4  
  165  12:45  Zergling x8  
  165  12:47  Corruptor x2  
  162  12:52  Corruptor x3  
  162  12:57  Zergling x2  
  162  12:58  Zergling x6, Baneling x15  
  172  12:59  Baneling x4  
  172  13:01  Zergling x4  
  172  13:04  Zergling x8  
  178  13:08  Zergling x2  
  178  13:09  Zergling x8  
  181  13:13  Baneling x9  
  179  13:26  Zergling x26  

Tags
 
Add a new tag
Caveats
  • Supply blocks, unpowered buildings, or Contaminate may cause inaccurate times.
  • Supply counts are checked every 10 seconds.